 Dungeon Crawl Stone Soup version 0.28.0-43-g3370ac3207 (webtiles) character file.

Game seed: 5474535817301490288

22308 bnorton916 the Destroyer (level 12, -5/86 HPs)
             Began as a Barachi Ice Elementalist on Mar 20, 2022.
             Was a High Priest of Cheibriados.
             Slain by Rupert
             ... wielding a +1 vorpal battleaxe
              (10 damage)
             ... on level 4 of the Lair of Beasts.
             The game lasted 00:48:01 (26669 turns).

bnorton916 the Destroyer (BaIE)                    Turns: 26669, Time: 00:48:02

Health: -5/86      AC: 27    Str: 21    XL:     12   Next: 99%
Magic:  13/21      EV: 30    Int: 31    God:    Cheibriados [*****.]
Gold:   691        SH:  0    Dex: 24    Spells: 2/23 levels left

rFire   . . .      SeeInvis .   I - +4 trident (venom)
rCold   . . .      Faith    .   (no shield)
rNeg    . . .      Spirit   .   s - +3 ring mail
rPois   .          Reflect  .   (no helmet)
rElec   .          Harm     .   a - scarf {shadows}
rCorr   .          Rampage  .   g - +2 pair of gloves
Will    .....                   M - +2 pair of boots
Stlth   ++........              w - amulet of the acrobat
HPRegen 0.24/turn               h - ring of wizardry
MPRegen 0.17/turn               o - +4 ring of protection

@: ice-armoured, acrobatic, freezing walls, very slow
A: amphibious, slowness 1, strong legs 1, +LOS
a: Hop, Renounce Religion, Bend Time, Temporal Distortion, Slouch, Step From
Time


You were on level 4 of the Lair of Beasts.
You worshipped Cheibriados.
Cheibriados was extremely pleased with you.
You visited 3 branches of the dungeon, and saw 14 of its levels.

You collected 691 gold pieces.

Inventory:

Hand Weapons
 p - a +1 hunting sling of flaming
 u - a +4 spear of flaming
 I - a +4 trident of venom (weapon)
 L - a +2 war axe of flaming
 U - a +4 scimitar of flaming
Missiles
 f - 382 stones
 r - 24 poisoned darts (quivered)
 v - 2 throwing nets
 R - 3 boomerangs
Armour
 a - a scarf of shadows (worn)
 g - a +2 pair of gloves (worn)
 s - a +3 ring mail (worn)
 B - a +2 robe of fire resistance
 J - a +2 ring mail of cold resistance
 M - a +2 pair of boots (worn)
 X - a +0 buckler
Jewellery
 c - a +4 ring of slaying
 d - an amulet of faith
 h - a ring of wizardry (left hand)
 m - a ring of positive energy
 o - a +4 ring of protection (right hand)
 w - an amulet of the acrobat (around neck)
 A - a ring of fire
 K - a +6 ring of intelligence
Wands
 b - a wand of paralysis (12)
 y - a wand of iceblast (12)
 F - a wand of flame (14)
 H - a wand of polymorph (12)
 N - a wand of mindburst (2)
Scrolls
 e - a scroll of teleportation
 j - 2 scrolls of amnesia
 k - 2 scrolls of enchant weapon
 q - a scroll of fear
 x - a scroll of blinking
 C - 3 scrolls of enchant armour
 D - 3 scrolls of vulnerability
 O - 5 scrolls of fog
 S - a scroll of silence
 T - a scroll of immolation
Potions
 i - 3 potions of curing
 l - a potion of degeneration
 t - a potion of ambrosia
 z - a potion of berserk rage
 E - 4 potions of flight
 G - a potion of might
 P - a potion of mutation {unknown}
 Q - a potion of lignification
 W - a potion of cancellation {unknown}
 Z - a potion of magic
Miscellaneous
 n - a piece from Xom's chessboard (15/15)


   Skills:
 - Level 5.5 Fighting
 + Level 5.5 Long Blades
 + Level 9.1 Armour
 - Level 6.0 Dodging
 - Level 1.7 Stealth
 - Level 6.1 Spellcasting
 - Level 12.4 Conjurations
 - Level 8.5 Ice Magic
 - Level 7.6 Poison Magic
 - Level 8.5 Invocations


You had 2 spell levels left.
You knew the following spells:

 Your Spells              Type           Power      Damage    Failure   Level
a - Freeze                Ice            100%       1d11      1%          1
b - Frozen Ramparts       Ice            100%       1d12      1%          3
c - Ozocubu's Armour      Ice            58%        N/A       1%          3
d - Hailstorm             Conj/Ice       65%        3d14      1%          4
e - Searing Ray           Conj           100%       2d8       1%          2
f - Fulminant Prism       Conj/Hex       24%        3d13      2%          4
g - Olgreb's Toxic Radia  Pois           54%        N/A       1%          4

Your spell library contained the following spells:

 Spells                   Type           Power      Damage    Failure   Level
 Magic Dart               Conj           100%       1d8       1%          1
 Sting                    Tmut/Pois      100%       1d8       1%          1
 Poisonous Vapours        Pois/Air       66%        N/A       1%          2
 Slow                     Hex            36%        N/A       3%          1
 Sublimation of Blood     Necr           9%         N/A       4%          2
 Irradiate                Conj/Tmut      24%        3d21      6%          5
 Confusing Touch          Hex            9%         N/A       9%          3
 Gell's Gravitas          Tloc           9%         N/A       9%          3
 Teleport Other           Tloc           9%         N/A       9%          3
 Vampiric Draining        Necr           9%         2d6       9%          3
 Passage of Golubria      Tloc           9%         N/A       28%         4
 Petrify                  Tmut/Erth      9%         N/A       28%         4
 Silence                  Hex/Air        4%         N/A       58%         5
 Dispersal                Tloc           4%         N/A       98%         6
 Lehudib's Crystal Spear  Conj/Erth      24%        10d7      100%        8


Dungeon Overview and Level Annotations

Branches:
Dungeon (9/15)             Temple (1/1) D:7            Lair (4/6) D:8
 Shoals (0/4) Lair:3        Snake (0/4) Lair:4          Orc (0/2) D:9

Altars:
Ashenzari
Cheibriados
Elyvilon
Fedhas
Gozag
Hepliaklqana
Makhleb
Nemelex Xobeh
Okawaru
Qazlal
Ru
Sif Muna
Trog
Uskayaw
Vehumet
Wu Jian
Xom
Zin
The Shining One

Shops:
D:4 [   D:9 ?

Annotations:
Lair:4 1 runed translucent door, Rupert; Thorn's ghost, journeyman PaFi


Innate Abilities, Weirdness & Mutations

You are amphibious.
You cover ground slowly.
You can hop short distances.
You have an extended range of vision and can be seen from far away.


Message History

Press: ? - help, Dir - look around, f - activate The walls around you are covered in ice.
Casting: Frozen Ramparts (safe; 1% risk of failure)
Confirm with . or Enter, or press ? or * to list all spells.
A film of ice covers your body! Rupert roars wildly at you.
You are confused.
Rupert yells loudly at you.
You suddenly lose the ability to move!
The wall freezes Rupert!
Rupert roars wildly at you.
You shrug off the repeated paralysis!
The wall freezes Rupert.
Rupert hits you with a +1 vorpal battleaxe.
The wall freezes Rupert.
Rupert hits you with a +1 vorpal battleaxe!
The wall freezes Rupert!
Rupert roars madly and goes into a rage!
Rupert goes berserk!
You feel less confused.
The wall freezes Rupert!
Rupert hits you but does no damage.
The wall freezes Rupert but does no damage.
Rupert hits you with a +1 vorpal battleaxe!
You can move again.
Casting: Ozocubu's Armour (safe; 1% risk of failure)
Confirm with . or Enter, or press ? or * to list all spells.
Aiming: Searing Ray (safe; 1% risk of failure)
Press: ? - help, Shift-Dir - straight line, f - Rupert
Aim: Rupert, wielding a +1 vorpal battleaxe and wearing a +0 leather armour (moderately wounded, berserk, 83% to hit)
The searing ray hits Rupert!
Rupert is moderately wounded. (Press . to maintain the ray.)
The wall freezes Rupert.
Rupert hits you with a +1 vorpal battleaxe!
The searing ray hits Rupert!
Rupert is moderately wounded.
The wall freezes Rupert.
Rupert hits you with a +1 vorpal battleaxe!!!
* * * LOW HITPOINT WARNING * * *
You die...

##..##.### #.................##
#...#########.........###....#
#...#####.###..........#.....P
##...P##.#.##..........#.......
#.....................#.........
##....................##.
####..................#
#..#...####...@....## ###....#
##.@##..## #....## ##.# .##
##....## ### .P #...#.# ##
##....## #}...## ##...## #.....#
#.....###


You could see Rupert (berserk).

Vanquished Creatures
  2 hydras
  A boulder beetle (Lair:2)
  Erica (Lair:2)
  3 death yaks (D:8)
  An oklob plant (Lair:1)
  A merfolk siren (Lair:3)
  Joseph (Lair:1)
  5 elephants (Lair:2)
  A black mamba (Lair:2)
  A torpor snail (Lair:3)
  5 cane toads
  A gargoyle (D:6)
  A rime drake (Lair:2)
  9 komodo dragons
  A merfolk (Lair:3)
  4 blink frogs (Lair:1)
  A shadow (D:9)
  13 yaks
  5 wyverns
  2 steam dragons
  4 basilisks
  6 nagas (Lair:4)
  11 water moccasins
  3 orc warriors (D:8)
  An ice beast (D:5)
  2 sky beasts
  4 black bears
  A necrophage (D:6)
  4 ogres
  3 wolves (Lair:1)
  3 centaurs
  A phantom (D:2)
  10 bullfrogs
  2 gnoll sergeants
  2 scorpions
  A wyvern zombie (D:7)
  6 killer bees (D:8)
  2 howler monkeys
  2 centaur zombies (D:9)
  6 orc priests
  2 centaur skeletons
  2 gnoll shamans
  2 hounds (D:7)
  2 jellies (D:6)
  A bullfrog skeleton (D:4)
  2 iguanas
  2 hell rats (D:8)
  12 orc wizards
  21 gnolls
  2 adders
  A river rat (D:8)
  2 shadow imps
  A white imp (D:5)
  4 ufetubi
  An adder skeleton (D:4)
  3 worms
  4 dart slugs
  46 orcs
  3 ball pythons (D:2)
  2 endoplasms
  5 giant cockroaches
  11 goblins
  9 hobgoblins
  7 quokkas
  5 bats
  3 frilled lizards
  7 kobolds
  8 rats
  3 bushes (Lair:1)
306 creatures vanquished.

Vanquished Creatures (others)
  A bush (Lair:1)
  6 fulminant prisms (Lair:1)
  15 fungi
  83 plants
105 creatures vanquished.

Grand Total: 411 creatures vanquished

Notes
Turn   | Place    | Note
-------+----------+-------------------------------------------
     0 | D:1      | bnorton916 the Barachi Ice Elementalist began the quest for
                  | the Orb.
     0 | D:1      | Reached XP level 1. HP: 13/13 MP: 3/3
   157 | D:1      | Found a faded altar of an unknown god.
   222 | D:1      | Reached skill level 5 in Ice Magic
   378 | D:1      | Reached XP level 2. HP: 19/19 MP: 2/5
  1601 | D:2      | Reached XP level 3. HP: 16/24 MP: 1/7
  1800 | D:2      | Learned a level 3 spell: Frozen Ramparts
  1804 | D:2      | Learned a level 3 spell: Ozocubu's Armour
  2553 | D:2      | Reached XP level 4. HP: 30/30 MP: 1/9
  3148 | D:3      | Noticed a phantom
  3173 | D:2      | HP: 1/30 [phantom (6)]
  3186 | D:2      | Killed a phantom
  3187 | D:2      | Reached XP level 5. HP: 3/35 MP: 9/11
  3930 | D:4      | Noticed a black bear
  3963 | D:4      | Noticed a black bear
  3973 | D:4      | Killed a black bear
  3974 | D:4      | Reached XP level 6. HP: 35/41 MP: 5/13
  4191 | D:5      | Entered Level 5 of the Dungeon
  4246 | D:4      | Killed a black bear
  4247 | D:4      | Reached skill level 5 in Spellcasting
  4318 | D:3      | Learned a level 4 spell: Hailstorm
  4425 | D:4      | Reached skill level 1 in Conjurations
  4425 | D:4      | Reached XP level 7. HP: 10/46 MP: 2/15
  5653 | D:4      | Reached skill level 2 in Conjurations
  5994 | D:4      | Found Gawain's Dragon-Slaying Spoils.
  6084 | D:5      | Reached skill level 3 in Conjurations
  6472 | D:5      | Reached XP level 8. HP: 29/52 MP: 11/17
  7573 | D:5      | Reached skill level 1 in Armour
  9806 | D:6      | Reached skill level 5 in Dodging
 10214 | D:6      | Reached skill level 5 in Armour
 10214 | D:6      | Reached XP level 9. HP: 50/57 MP: 12/18
 10261 | D:6      | Learned a level 2 spell: Searing Ray
 10386 | D:6      | Noticed a gargoyle
 10401 | D:6      | Killed a gargoyle
 10664 | D:6      | Reached skill level 1 in Fighting
 10667 | D:6      | Reached skill level 4 in Conjurations
 11880 | D:7      | Reached skill level 5 in Conjurations
 12288 | D:7      | Found a staircase to the Ecumenical Temple.
 12442 | Temple   | Entered the Ecumenical Temple
 12750 | Temple   | Became a worshipper of Cheibriados the Contemplative
 13268 | D:8      | Reached skill level 5 in Fighting
 13268 | D:8      | Reached skill level 6 in Conjurations
 13369 | D:8      | Reached skill level 1 in Invocations
 13371 | D:8      | Reached XP level 10. HP: 74/74 MP: 12/19
 13685 | D:8      | Noticed a death yak
 13691 | D:8      | Reached * piety under Cheibriados
 13874 | D:8      | Noticed a death yak
 13874 | D:8      | Noticed a death yak
 13903 | D:8      | Killed a death yak
 13904 | D:8      | Reached skill level 5 in Invocations
 14504 | D:8      | Reached ** piety under Cheibriados
 14575 | D:8      | Killed a death yak
 14576 | D:8      | Killed a death yak
 14624 | D:8      | Found a staircase to the Lair.
 15834 | Lair:1   | Entered Level 1 of the Lair of Beasts
 15843 | Lair:1   | Reached *** piety under Cheibriados
 15844 | Lair:1   | Reached XP level 11. HP: 80/80 MP: 5/20
 15938 | Lair:1   | Noticed an eight-headed hydra
 15958 | D:8      | Learned a level 4 spell: Fulminant Prism
 16033 | D:9      | Found a sparkling altar of Nemelex Xobeh.
 16808 | D:9      | Found a staircase to the Orcish Mines.
 16826 | D:9      | Found Ruzirisu's Magic Scroll Shoppe.
 17056 | D:9      | Reached skill level 7 in Conjurations
 17670 | Lair:1   | Killed a four-headed hydra
 17898 | Lair:1   | Reached skill level 8 in Conjurations
 17937 | Lair:1   | Noticed Joseph
 17946 | Lair:1   | Reached **** piety under Cheibriados
 17949 | Lair:1   | Killed Joseph
 18306 | Lair:1   | Reached skill level 9 in Conjurations
 18697 | Lair:1   | Reached skill level 10 in Conjurations
 19055 | Lair:1   | You fall into a shaft and drop 1 floor!
 19186 | Lair:2   | Noticed a boulder beetle
 19204 | Lair:2   | Killed a boulder beetle
 19205 | Lair:2   | Reached skill level 11 in Conjurations
 19490 | Lair:2   | Noticed Erica
 19887 | Lair:2   | Noticed an eight-headed hydra
 19990 | Lair:2   | Killed a seven-headed hydra
 19991 | Lair:2   | Reached skill level 12 in Conjurations
 19991 | Lair:2   | Reached XP level 12. HP: 64/86 MP: 10/21
 20179 | Lair:2   | Learned a level 4 spell: Olgreb's Toxic Radiance
 20346 | Lair:2   | Reached skill level 5 in Poison Magic
 20855 | Lair:2   | Killed Erica
 21761 | Lair:1   | Found a blossoming altar of Fedhas.
 23598 | Lair:3   | Reached skill level 1 in Long Blades
 24484 | Lair:3   | Found a staircase to the Shoals.
 25691 | Lair:4   | Found a runed translucent door.
 25694 | Lair:4   | Noticed Thorn's ghost (journeyman PaFi)
 25707 | Lair:4   | Reached ***** piety under Cheibriados
 25861 | Lair:4   | Found a staircase to the Snake Pit.
 25870 | Lair:4   | Reached skill level 5 in Long Blades
 26276 | Lair:4   | Noticed Rupert
 26661 | Lair:4   | Paralysed by Rupert for 7 turns
 26669 | Lair:4   | Slain by Rupert

Illustrated notes

Levels and vault maps discovered:
D:1:      dpeg_arrival_tiny_a, layout_loops_ring,
          dreamdust_ecumenical_altar_hidden_monk_grotto
D:2:      layout_basic
D:3:      layout_rooms
D:4:      layout_cave_pools, nicolae_shop_dragon_depot,
          kennysheep_generic_room_12
D:5:      layout_gridville, serial_glass, glass_columns_a, glass_columns_a
D:6:      layout_loops_ring
D:7:      layout_basic, minmay_temple_entry_nine_rooms
D:8:      layout_basic, dpeg_lair_monsters, serial_aquarium,
          aquarium_bridge_square [aquarium_subvault_wall,
          aquarium_subvault_bridge, aquarium_subvault_bridge,
          aquarium_subvault_bridge], aquarium_bridge_long_joined
          [aquarium_subvault_window, aquarium_subvault_wall,
          aquarium_subvault_bridge, aquarium_subvault_wall,
          aquarium_subvault_wall, aquarium_subvault_bridge], aquarium_window_2,
          aquarium_window_fake, aquarium_window_corridor_2, aquarium_window_2,
          aquarium_view_2d, aquarium_balcony_3b, aquarium_pool_double,
          special_room [special_room_orc], minmay_misc_feat_chi
D:9:      corexii_shack_village, layout_basic, nemelex_altar_shiori,
          david_orc_2, serial_shops, nicolae_shop_trees
Temple:   mainiacjoe_temple_trianglar_array
Lair:1:   layout_misc_corridors, tgw_fedhas, serial_bayou_shore_b,
          serial_bayou_shore_b, grunt_megastairs_1, uniq_joseph
Lair:2:   layout_chaotic_city, uniq_erica
Lair:3:   layout_hall_layers, elwin_shoals_entry_rooms
Lair:4:   layout_gridlike, minmay_snake_entry_guardpost_medium,
          ebering_ghost_reflecting_pool, uniq_rupert

Skill      XL: |  1  2  3  4  5  6  7  8  9 10 11 12 |
---------------+-------------------------------------+-----
Ice Magic      | 5 6 7 8 |  8.5
Spellcasting   | 3 4 5 6 |  6.1
Conjurations   | 1 3 6 12 | 12.4
Armour         | 5 7 9 |  9.1
Dodging        | 6 |  6.0
Fighting       | 5 |  5.5
Invocations    | 1 8 |  8.5
Poison Magic   | 7 |  7.6
Long Blades    | 5 |  5.5
Stealth        | |  1.7

Action                   |  1- 3 |  4- 6 |  7- 9 | 10-12 || total
-------------------------+-------+-------+-------+-------++-------
Melee: Whip              |    22 |    64 |    25 |       ||   111
       Short sword       |       |       |    69 |       ||    69
       Punch             |       |       |     1 |     8 ||     9
       Spear             |       |       |    62 |    78 ||   140
       Unarmed           |       |       |       |     1 ||     1
       War axe           |       |       |       |    53 ||    53
       Trident           |       |       |       |   170 ||   170
 Fire: Hunting sling     |       |       |     4 |       ||     4
Throw: Stone             |    11 |       |    14 |       ||    25
       Dart              |       |       |     6 |     9 ||    15
 Cast: Freeze            |    28 |     5 |     7 |     1 ||    41
       Frozen Ramparts   |     8 |    11 |    32 |    84 ||   135
       Ozocubu's Armour  |     1 |     5 |    22 |    48 ||    76
       Searing Ray       |       |       |     8 |    26 ||    34
       Hailstorm         |       |       |     1 |     2 ||     3
       Fulminant Prism   |       |       |       |     6 ||     6
 Abil: Hop               |     1 |     1 |     1 |     1 ||     4
  Use: Potion            |     5 |     2 |     1 |       ||     8
       Scroll            |       |     4 |     1 |    13 ||    18
 Stab: Sleeping          |     2 |       |       |       ||     2
Armor: Robe              |    11 |    46 |    86 |       ||   143
       Skin              |     3 |    11 |       |       ||    14
       Ring mail         |       |       |    36 |   174 ||   210
Dodge: Dodged            |    24 |    63 |   167 |   417 ||   671
